Map: Acid Plant LE

Players

Namshar - Winner!

  • Race: Zerg Zerg
  • Spawn Location: 5:00

Harstem

  • Race: Protoss Protoss
  • Spawn Location: 11:00

Event: WCS Valencia 2018

VOD

Have the link to the VOD?

Description

Time

  • Played on: July 12, 2018, 1:16 p.m.
  • Length: 14:55

All games in this series

Show
View Real Time Build Order
Export as new Build Order

Namshar Zerg - Winner!

Build Orders: Hatch First, Lurkers 

Get SALT Encoding   

  12  0:00  Drone  
  13  0:12  Overlord  
  13  0:16  Drone  
  14  0:30  Drone x2  
  14  0:34  Drone  
  17  0:50  Hatchery  
  17  0:53  Drone  
  17  0:56  Drone  
  18  1:07  Extractor  
  17  1:12  Spawning Pool  
  17  1:15  Drone  
  18  1:18  Drone  
  18  1:27  Drone  
  19  1:39  Drone  
  20  1:54  Overlord  
  20  1:58  Queen  
  22  2:02  Queen  
  22  2:03  Zergling x4  
  22  2:08  Metabolic Boost  
  26  2:11  Drone  
  26  2:13  Drone  
  28  2:22  Drone  
  29  2:24  Drone  
  30  2:33  Hatchery  
  30  2:36  Drone  
  30  2:42  Overlord  
  30  2:43  Drone  
  31  2:45  Drone  
  32  2:51  Queen  
  32  2:54  Drone  
  35  3:00  Overlord  
  35  3:07  Drone  
  35  3:09  Drone x4  
  40  3:18  Queen  
  40  3:19  Zergling x4  
  44  3:27  Queen  
  44  3:31  Overlord  
  46  3:34  Spore Crawler  
  46  3:36  Drone  
  46  3:40  Drone  
  47  3:41  Drone x3  
  47  3:44  Overlord  
  47  3:46  Overlord  
  50  3:56  Spore Crawler, Drone  
  50  4:01  Drone x5  
  55  4:05  Drone x2  
  57  4:15  Drone x3  
  60  4:18  Roach Warren  
  60  4:20  Extractor  
  60  4:21  Evolution Chamber  
  60  4:23  Drone x3  
  60  4:28  Zergling x2  
  60  4:29  Zergling x4  
  62  4:32  Zergling x2  
  62  4:36  Lair  
  62  4:38  Drone x3  
  65  4:43  Overlord x2  
  65  4:45  Zergling x4  
  68  4:51  Extractor  
  68  4:52  Spore Crawler  
  66  4:55  Drone x2  
  66  4:56  Overlord, Drone x2  
  71  5:02  Drone x3  
  71  5:03  Drone  
  75  5:12  Zergling x2  
  75  5:13  Roach x5  
  81  5:15  Roach  
  81  5:19  Roach x2  
  87  5:23  Extractor  
  87  5:24  Extractor, Queen  
  87  5:28  Zergling x4  
  89  5:29  Overlord  
  89  5:33  Extractor  
  89  5:34  Drone x6  
  94  5:44  Overlord x2  
  94  5:48  Spore Crawler  
  89  5:50  Hydralisk Den  
  89  5:53  Drone x7  
  95  5:59  Drone  
  96  6:04  Queen  
  96  6:09  Glial Reconstitution, Zerg Missile Weapons Level 1  
  98  6:13  Overlord  
  98  6:14  Overlord x2  
  94  6:30  Drone x3  
  94  6:31  Muscular Augments, Spore Crawler  
  92  6:38  Drone  
  92  6:39  Drone x4  
  96  6:41  Drone  
  96  6:45  Drone x3  
  96  6:46  Drone  
  101  6:47  Extractor  
  101  6:49  Drone x3  
  101  6:52  Drone  
  104  6:54  Spore Crawler  
  104  6:55  Hatchery  
  102  7:03  Drone  
  102  7:04  Drone  
  102  7:06  Overlord x2  
  104  7:18  Queen  
  104  7:22  Overlord x2  
  106  7:26  Drone x4  
  106  7:27  Drone x2  
  112  7:31  Overlord  
  112  7:35  Hydralisk x6  
  112  7:36  Hydralisk x2  
  128  7:41  Hydralisk  
  128  7:42  Grooved Spines  
  130  7:48  Extractor  
  130  7:50  Overlord  
  128  7:52  Hydralisk x4, Spore Crawler  
  128  7:53  Extractor  
  134  8:03  Drone x5  
  139  8:07  Hydralisk x2  
  139  8:08  Hydralisk x3  
  149  8:15  Hydralisk x2  
  149  8:16  Hydralisk x2  
  157  8:26  Drone x3  
  157  8:27  Drone  
  157  8:29  Hydralisk x4  
  157  8:32  Hydralisk x2  
  169  8:38  Ravager x2  
  171  8:43  Hydralisk x4  
  165  9:00  Hydralisk  
  165  9:01  Hydralisk x4  
  175  9:10  Queen  
  175  9:16  Hydralisk x3  
  175  9:20  Overlord x3  
  167  9:27  Hydralisk  
  167  9:28  Hydralisk x6  
  159  9:35  Hydralisk x3  
  159  9:40  Hydralisk x3  
  163  9:49  Hydralisk  
  163  9:50  Hydralisk x3  
  161  9:58  Zerg Missile Weapons Level 2  
  157  10:03  Hydralisk  
  157  10:21  Hatchery  
  157  10:23  Lurker Den  
  157  10:25  Roach x5  
  157  10:26  Roach x7  
  179  10:31  Roach x5  
  179  10:34  Roach  
  179  10:35  Roach x2  
  195  10:39  Drone  
  195  10:40  Infestation Pit  
  195  10:42  Roach x2  
  199  10:43  Zergling x2  
  199  10:47  Overseer x2  
  200  10:51  Pneumatized Carapace  
  200  11:08  Evolution Chamber  
  198  11:35  Hydralisk  
  198  11:36  Hydralisk x11  
  150  11:47  Hydralisk x3  
  150  11:48  Hydralisk x2  
  150  11:50  Hive, Drone  
  150  11:52  Spire  
  160  11:56  Drone x4  
  160  11:57  Drone x2  
  160  11:58  Drone x2  
  160  11:59  Hydralisk x5  
  160  12:00  Hydralisk  
  180  12:03  Extractor  
  180  12:06  Hydralisk  
  180  12:07  Extractor, Hydralisk, Roach  
  182  12:11  Hydralisk  
  182  12:12  Roach  
  182  12:13  Hydralisk  
  186  12:18  Hydralisk  
  186  12:19  Hydralisk  
  190  12:26  Hydralisk  
  190  12:27  Roach x4  
  198  12:32  Hydralisk  
  198  12:33  Roach x4  
  196  12:43  Hydralisk x2  
  193  12:44  Roach x2  
  188  12:55  Hydralisk x2  
  188  12:56  Roach x5  
  198  13:02  Hydralisk  
  154  13:28  Drone  
  154  13:29  Drone x8  
  154  13:31  Greater Spire  
  163  13:36  Queen  
  163  13:37  Queen  
  167  13:42  Drone x3  
  167  13:43  Drone x8  
  167  13:44  Extractor  
  177  13:52  Spine Crawler  
  177  13:53  Spine Crawler  
  177  13:55  Spine Crawler x2, Drone x3  
  176  13:57  Hydralisk x3  
  176  13:59  Lurker x2  
  176  14:01  Lurker x2  
  176  14:02  Hydralisk x3  
  186  14:05  Roach  
  186  14:06  Roach x2  
  186  14:08  Spine Crawler  
  186  14:09  Spine Crawler  
  194  14:10  Hydralisk  
  157  14:26  Hydralisk  
  157  14:27  Roach x7  
  156  14:38  Lurker x2  
  156  14:39  Lurker  
Show
View Real Time Build Order
Export as new Build Order

Harstem Protoss 

Build Orders: 1 Gate Expand, Oracle Opening, Phoenix Opening, Archon Immortal, Mass Phoenix, Zealot Archon 

Get SALT Encoding   

  12  0:00  Probe  
  13  0:13  Probe  
  14  0:19  Pylon  
  14  0:25  Probe  
  15  0:33  Probe  
  15  0:42  Gateway, Probe  
  16  0:48  Assimilator  
  17  0:51  Probe  
  18  1:03  Probe  
  19  1:15  Probe  
  20  1:24  Nexus  
  20  1:36  Cybernetics Core  
  20  1:38  Probe  
  21  1:50  Probe  
  21  1:52  Assimilator  
  22  1:54  Pylon  
  22  2:03  Probe  
  22  2:04  Adept  
  23  2:15  Probe  
  26  2:18  Stargate  
  26  2:27  Probe  
  27  2:30  Adept  
  27  2:33  Warp Gate  
  29  2:37  Probe  
  29  2:39  Probe  
  31  2:45  Probe  
  33  2:51  Probe  
  33  2:53  Probe  
  33  2:57  Phoenix  
  34  3:03  Probe x2  
  36  3:11  Oracle  
  40  3:14  Pylon  
  40  3:15  Probe x2  
  45  3:27  Probe  
  45  3:31  Probe  
  45  3:32  Adept  
  45  3:34  Gateway  
  47  3:39  Probe  
  48  3:42  Assimilator  
  48  3:43  Probe  
  48  3:45  Assimilator  
  49  3:51  Probe  
  49  3:52  Stargate  
  49  3:55  Probe  
  51  3:59  Pylon  
  51  4:04  Probe  
  51  4:07  Probe  
  51  4:09  Pylon  
  53  4:12  Phoenix  
  53  4:16  Probe  
  54  4:19  Probe  
  54  4:21  Pylon  
  57  4:27  Phoenix  
  57  4:28  Probe, Pylon  
  57  4:30  Phoenix  
  58  4:31  Probe  
  63  4:38  Adept  
  65  4:48  Phoenix  
  65  4:50  Phoenix  
  67  4:53  Pylon  
  69  5:02  Nexus  
  68  5:15  Probe  
  68  5:16  Phoenix  
  68  5:17  Phoenix  
  73  5:26  Probe  
  75  5:28  Probe  
  75  5:29  Forge  
  75  5:30  Twilight Council  
  75  5:31  Nexus  
  75  5:33  Shield Battery  
  75  5:37  Sentry  
  75  5:40  Shield Battery, Probe  
  78  5:53  Probe x2  
  78  5:54  Zealot  
  82  5:57  Robotics Facility  
  82  6:02  Protoss Ground Weapons Level 1, Zealot  
  82  6:04  Pylon  
  84  6:05  Probe x2  
  84  6:07  Charge  
  86  6:17  Probe  
  87  6:20  Probe  
  86  6:26  Gateway  
  86  6:27  Gateway  
  86  6:29  Probe  
  86  6:32  Probe  
  88  6:34  Immortal  
  88  6:40  Zealot x2  
  88  6:41  Probe  
  88  6:44  Probe  
  88  6:46  Probe  
  98  6:48  Gateway  
  98  6:50  Gateway  
  98  6:53  Probe  
  100  6:56  Probe  
  100  7:00  Probe  
  101  7:02  Gateway  
  101  7:05  Probe  
  103  7:08  Observer  
  103  7:10  Templar Archives  
  103  7:14  Gateway  
  103  7:15  Pylon  
  104  7:17  Probe  
  104  7:20  Assimilator  
  104  7:22  Warp Prism  
  105  7:23  Probe, Assimilator  
  105  7:25  Gateway  
  105  7:27  Pylon  
  106  7:30  Probe  
  106  7:35  Gateway  
  109  7:41  Probe  
  109  7:42  Photon Cannon  
  110  7:48  High Templar x2  
  110  7:49  Zealot x2, High Templar x2  
  122  7:54  Protoss Ground Weapons Level 2, Pylon  
  122  7:55  Archon x2  
  122  7:56  Shield Battery  
  120  7:59  Probe  
  120  8:00  Pylon  
  120  8:04  Zealot  
  123  8:13  Zealot x3  
  127  8:27  Zealot  
  127  8:28  Zealot x5  
  127  8:29  Psionic Storm  
  127  8:30  Probe  
  140  8:37  Pylon  
  140  8:39  Pylon  
  140  8:41  Pylon  
  140  8:43  Zealot x3  
  140  8:48  Immortal  
  134  8:53  Zealot x6  
  130  9:01  Stalker  
  130  9:02  High Templar x2  
  128  9:17  Zealot x7  
  123  9:24  Immortal  
  123  9:26  Zealot  
  107  9:35  Zealot x3  
  103  9:39  Zealot  
  103  9:40  Zealot x5  
  111  9:49  Zealot  
  111  9:50  Protoss Ground Weapons Level 3  
  105  9:55  Immortal  
  105  9:58  Zealot x3  
  105  9:59  Archon  
  111  10:03  Zealot x3  
  117  10:08  High Templar x3  
  117  10:14  High Templar  
  123  10:19  High Templar x3  
  127  10:23  Pylon  
  127  10:26  Zealot, High Templar x2  
  127  10:28  Pylon  
  133  10:30  Archon  
  133  10:40  High Templar x2  
  133  10:41  Zealot  
  139  10:42  Warp Prism  
  139  10:44  Archon  
  138  10:52  Sentry, Zealot x3  
  148  11:01  Zealot, High Templar x2  
  154  11:06  Pylon  
  154  11:07  Archon  
  154  11:08  Immortal  
  154  11:13  Zealot x5  
  168  11:28  Zealot x3  
  138  11:45  Immortal, Zealot x7  
  140  11:50  High Templar x3  
  150  12:06  High Templar  
  150  12:07  Zealot x4, High Templar  
  162  12:13  Archon  
  136  12:38  Zealot x7  
  136  12:39  Zealot x3  
  136  13:00  High Templar x5  
  121  13:13  Immortal  
  121  13:14  Zealot x2  
  121  13:15  Zealot x3  
  111  13:33  High Templar x3  
  111  13:34  Zealot, High Templar  
  119  13:37  Archon  
  119  13:38  Archon  
  119  13:39  Zealot x5  
  131  13:49  Zealot  
  131  13:52  Observer  
  131  13:53  Zealot x2  
  138  13:59  Zealot x3  
  140  14:06  Zealot x4  
  148  14:10  High Templar  
  124  14:27  Observer  
  124  14:29  Zealot x4  
  124  14:30  Zealot  
  125  14:35  Archon  
  115  14:38  High Templar  
  115  14:39  High Templar x3  
Tags
 
Add a new tag
Caveats
  • Supply blocks, unpowered buildings, or Contaminate may cause inaccurate times.
  • Supply counts are checked every 10 seconds.